 Dungeon Sprint DCSS version 0.31-a0-18-gea43df2a32 (webtiles) character file.

Game seed: 8732006855481500736

972 sircluck the Cleaver (level 8, 0/81 HPs)
             Began as a Hill Orc Fighter on May 9, 2023.
             Slain by a boulder beetle (20 damage)
             ... in the Dungeon (Sprint II: "The Violet Keep of Menkaure").
             The game lasted 00:01:38 (497 turns).

sircluck the Cleaver (Hill Orc Fighter)              Turns: 497, Time: 00:01:39

Health: 0/81       AC:  8    Str: 21    XL:     8   Next: 16%
Magic:  8/8        EV: 10    Int:  8    God:
Gold:   486        SH:  6    Dex: 10    Spells: 7/7 levels left

rFire   . . .        a - +0 war axe
rCold   . . .        c - +0 buckler
rNeg    . . .        b - +0 scale mail
rPois   .            (no helmet)
rElec   .            (no cloak)
rCorr   .            (no gloves)
SInv    .            (no boots)
Will    .....        (no amulet) Stlth
                     (no ring)
HPRegen 0.33/turn    (no ring)
MPRegen 0.11/turn

%: no teleportation, random rage (3%)
@: hasted, very quick
A: berserk 1, deterioration 1
a: no special abilities


You were in the Dungeon.
You visited 1 branch You collected 486 gold pieces.

Inventory:

Hand Weapons
 a - a +0 war axe (weapon)
Armour
 b - a +0 scale mail (worn)
 c - a +0 buckler (worn)
Potions
 h - 2 potions of magic


   Skills:
 + Level 10.6 Fighting
 + Level 11.4 Axes
 + Level 10.6 Armour
 + Level 1.9 Dodging
 + Level 9.8 Shields


You had 7 spell levels left.
You didn't know any spells.
Your spell library was empty.

Dungeon Overview and Level Annotations

Branches:
Dungeon (1/1)

Altars:

Annotations:
D exclusion: orange crystal statue


Innate Abilities, Weirdness & Mutations

You sometimes lose your temper in combat.
Your body sometimes deteriorates upon taking damage.


Message History

You block the boulder beetle's attack.
You hit the boulder beetle but do no damage. x2
The boulder beetle bites you.
The boulder beetle leaps!
You hit the boulder beetle but do no damage.
The boulder beetle bites you!!
The boulder beetle curls into a ball and begins rolling!
You slash the boulder beetle!
The boulder beetle is lightly wounded.
The boulder beetle bites you!!
You are too injured to fight recklessly!
You are too injured to fight recklessly!
You are too injured to fight recklessly!
You are too injured to fight recklessly!
You are too injured to fight recklessly!
You are too injured to fight recklessly!
You are too injured to fight recklessly!
You are too injured to fight recklessly!
You are too injured to fight recklessly!
You are too injured to fight recklessly!
You are too injured to fight recklessly!
You are too injured to fight recklessly!
You slash the boulder beetle!
The boulder beetle is moderately wounded.
The boulder beetle bites you!
* * * LOW HITPOINT WARNING * * *
You hit the boulder beetle but do no damage.
The boulder beetle is moderately wounded.
You hit the boulder beetle. You block the boulder beetle's attack.
The boulder beetle stops rolling and uncurls.
You block the boulder beetle's attack.
Blink to where?
Press: ? - help, Q - select action, (/) - cycle Dir - move target
As you read the scroll of blinking, it crumbles to dust.
The boulder beetle curls into a ball and begins rolling!
You feel better.
You feel yourself speed up.
You hit the boulder beetle.
The boulder beetle is lightly wounded.
The boulder beetle bites you!!
You die...

8≈≈≈≈≈#
≈§≈§≈# §§§§#
#'''# ...
##+## ##...#
#.##..# #
##@###### ##.
##B# .##
#...##B###..#
#†○<.'†##+
#...##°###..#
##. #'# #.##
# #.#$####
#.. ..# ##.
.##


You could see 2 boulder beetles.

Vanquished Creatures
  4 neqoxecs (D)
  4 necrophages (D)
  4 scorpions (D)
12 creatures vanquished.

Vanquished Creatures (others)
  Menkaure (D)
1 creature vanquished.

Grand Total: 13 creatures vanquished

Notes
Turn   | Place    | Note
-------+----------+-------------------------------------------
     0 | D        | sircluck the Hill Orc Fighter began the quest for the Orb.
     0 | D        | Reached XP level 1. HP: 19/19 MP: 1/1
     1 | D        | Noticed a neqoxec
     1 | D        | Noticed a neqoxec
     7 | D        | Noticed a neqoxec
     8 | D        | Gained mutation: Your body sometimes deteriorates upon
                  | taking damage. [a neqoxec]
    14 | D        | Killed a neqoxec
    15 | D        | Reached skill level 6 in Axes
    15 | D        | Reached XP level 2. HP: 16/34 MP: 2/2
    15 | D        | Reached XP level 3. HP: 18/39 MP: 3/3
    15 | D        | Reached XP level 4. HP: 22/47 MP: 4/4
    15 | D        | Reached XP level 5. HP: 25/52 MP: 5/5
    21 | D        | Killed a neqoxec
    21 | D        | Gained mutation: You sometimes lose your temper in combat.
                  | [a neqoxec]
    22 | D        | Reached skill level 7 in Axes
    22 | D        | Reached XP level 6. HP: 27/61 MP: 6/6
    26 | D        | Killed a neqoxec
    27 | D        | Reached skill level 8 in Axes
   135 | D        | Killed Menkaure
   144 | D        | Noticed a neqoxec
   158 | D        | Killed a neqoxec
   159 | D        | Reached skill level 9 in Axes
   159 | D        | Reached XP level 7. HP: 47/70 MP: 7/7
   273 | D        | Noticed an orange crystal statue
   298 | D        | Reached skill level 10 in Fighting
   298 | D        | Reached skill level 10 in Axes
   298 | D        | Reached skill level 10 in Armour
   298 | D        | Reached skill level 1 in Dodging
   421 | D        | Noticed a boulder beetle
   421 | D        | Noticed a boulder beetle
   437 | D        | Reached XP level 8. HP: 79/80 MP: 8/8
   442 | D        | Reached skill level 11 in Axes
   497 | D        | Slain by a boulder beetle

Illustrated notes

Levels and vault maps discovered:
D:        the_violet_keep_of_menkaure [sprint2_stairs_cluster_1,
          sprint2_shoproom, sprint2_temple, sprint2_basic_supplies,
          sprint2_obstacle_1, sprint2_obstacle_7, sprint2_obstacle_4,
          sprint2_obstacle_3, sprint2_obstacle_2, sprint2_timed_cluster_1,
          sprint2_smallroom_cluster_1, sprint2_smallroom_final_cluster_1,
          sprint2_transparent_cluster_1, sprint2_second_timed_cluster_1,
          sprint2_sniper_area_1, sprint2_heavy_combat_area_1,
          sprint2_mutation_trap_area_1, sprint2_forest_area_1,
          sprint2_light_combat_area_1, sprint2_behind_water_1,
          sprint2_near_end_vault_1]

Skill      XL: |  1  2  3  4  5  6  7  8 |
---------------+-------------------------+-----
Fighting       | 7 8 9 10 | 10.6
Axes           | 6 7 9 10 11 | 11.4
Armour         | 6 8 9 10 | 10.6
Shields        | 6 7 8 9 |  9.8
Dodging        | 1 |  1.9

Action                     |  1- 3 |  4- 6 |  7- 9 || total
---------------------------+-------+-------+-------++-------
  Melee: War axe           |    11 |    22 |    49 ||    82
    Use: Potion            |     1 |     2 |     2 ||     5
         Scroll            |       |       |     1 ||     1
 Armour: Scale mail        |     2 |     3 |    15 ||    20
  Dodge: Dodged            |     1 |     2 |    11 ||    14
  Block: Buckler           |       |     4 |     8 ||    12

Table legend: (Time is in decaauts)
 A = Elapsed time spent in this place.
 B = Non-inter-level travel time spent in this place.
 C = Inter-level travel time spent in this place.
 D = Time resting spent in this place.
 E = Time spent auto-exploring this place.
 F = Levels seen in this place.
 G = Mean time per level.
                   A        B        C        D        E       F      G
               +--------+--------+--------+--------+--------+-----+--------+
         Total |    525 |    525 |      0 |    398 |      0 |   1 |  525.0 |
       Dungeon |    525 |    525 |      0 |    398 |      0 |   1 |  525.0 |
               +--------+--------+--------+--------+--------+-----+--------+

Top non-repeatable levels by time:
       D: 525 daAuts
